 Dungeon Crawl Stone Soup version 0.26.1-11-gd32895ea62 (webtiles) character file.

Game seed: 3366662955301998829

2536 Zeld the Thrower (level 9, -3/88 HPs)
             Began as a Troll Hunter on June 12, 2021.
             Was a Follower of Yredelemnul.
             Slain by an orc
             ... wielding a +3 trident
              (6 damage)
             ... on level 7 of the Dungeon.
             The game lasted 00:14:02 (11393 turns).

Zeld the Thrower (Troll Hunter)                    Turns: 11393, Time: 00:14:03

Health: -3/88      AC:  6    Str: 25    XL:     9   Next: 30%
Magic:  8/8        EV: 12    Int:  7    God:    Yredelemnul [*.....]
Gold:   253        SH:  0    Dex: 10    Spells: 8/8 levels left

rFire    . . .     SeeInvis .   a - +0 giant club
rCold    . . .     Faith    .   (shield currently unavailable)
rNeg     . . .     Spirit   .   b - +0 robe
rPois    .         Reflect  .   (helmet restricted)
rElec    .         Harm     .   (no cloak)
rCorr    .         Rampage  .   (gloves unavailable)
Will     .....                  (boots unavailable)
Stlth    +.........             (no amulet)
HPRegen  0.64/turn              (no ring)
MPRegen  0.11/turn              (no ring)

@: no status effects
A: large, unfitting armour, claws 3, regeneration 1, shaggy fur 1, tough skin 3
a: Renounce Religion, Animate Remains


You were on level 7 of the Dungeon.
You worshipped Yredelemnul.
Yredelemnul was aware of your devotion.
You visited 2 branches of the dungeon, and saw 8 of its levels.
You also visited: Sewer.

You collected 253 gold pieces.

Inventory:

Hand Weapons
 a - a +0 giant club (weapon)
Missiles
 c - 4 large rocks
 e - 219 stones
 D - a throwing net (quivered)
Armour
 b - a +0 robe (worn)
Jewellery
 g - a +6 ring of intelligence {unknown}
 v - an uncursed amulet of faith {unknown}
 F - an uncursed ring of willpower {unknown}
Wands
 m - a wand of flame (10)
 o - a wand of enslavement (6)
Scrolls
 d - 4 scrolls of teleportation {unknown}
 f - 2 scrolls of identify {unknown}
 h - 2 scrolls of amnesia {unknown}
 i - 2 scrolls of immolation {unknown}
 j - 5 scrolls of remove curse {unknown}
 n - 2 scrolls of enchant weapon {unknown}
 r - a scroll of random uselessness {unknown}
 x - a scroll of blinking {unknown}
 z - a scroll of magic mapping {unknown}
 E - 2 scrolls of enchant armour {unknown}
Potions
 k - 2 potions of degeneration {unknown}
 l - 2 potions of might {unknown}
 p - a potion of berserk rage {unknown}
 q - 2 potions of mutation {unknown}
 s - 2 potions of attraction {unknown}
 t - 3 potions of heal wounds {unknown}
 u - 3 potions of curing {unknown}
 w - a potion of invisibility {unknown}
 A - 3 potions of magic {unknown}
 B - 2 potions of haste {unknown}
 C - a potion of flight {unknown}


   Skills:
 + Level 5.4 Fighting
 * Level 9.1 Throwing
 + Level 5.4 Dodging
 - Level 0.3 Stealth


You had 8 spell levels left.
You didn't know any spells.
Your spell library contained the following spells:

 Spells                   Type           Power        Failure   Level
 Magic Dart               Conj           0%           43%         1
 Blink                    Tloc           N/A          56%         2
 Call Imp                 Summ           0%           56%         2
 Slow                     Hex            0%           56%         2
 Conjure Flame            Conj/Fire      0%           80%         3
 Mephitic Cloud           Conj/Pois/Air  0%           80%         3


Dungeon Overview and Level Annotations

Branches:
Dungeon (7/15)             Temple (1/1) D:5           Sewer (visited)

Altars:
Ashenzari
Cheibriados
Dithmenos
Elyvilon
Fedhas
Gozag
Hepliaklqana
Makhleb
Nemelex Xobeh
Okawaru
Qazlal
Ru
Sif Muna
Trog
Uskayaw
Vehumet
Wu Jian
Xom
Yredelemnul
Zin
The Shining One

Shops:
D:4 }   D:6 [


Innate Abilities, Weirdness & Mutations

You are too large for most types of armour.
You have claws for hands.
Your natural rate of healing is unusually fast.
You are covered in fur. (AC +1)
You have extremely tough skin. (AC +3)


Message History

The orc hits your ice beast with a +0 war axe!
The orc hits you from afar with a +3 trident.
* * * LOW HITPOINT WARNING * * *
Your ice beast closely misses the orc.
Aiming: Enslavement
Press: ? - help, Shift-Dir - straight line, f/p - orc
Aim: an orc, wielding a +0 mace (chance to affect: 63%)
The orc is charmed.
Something hits you but does no damage.
The orc hits you from afar with a +3 trident!
* * * LOW HITPOINT WARNING * * *
Your ice beast hits the orc.
Your ice beast freezes the orc!
The orc dies!
Yredelemnul accepts your kill. The orc wizard closely misses your orc.
Something completely misses you.
Unknown command.
Unknown command.
Something closely misses your orc. The orc wizard closely misses your orc.
The orc hits you with a +3 trident.
You die...
Your body rises from the dead as a mindless zombie.

# .# # #######
##.#..
#.....#######......
#{.o....#..........
#.oo..#.#.##... ..
#.@o......##.##.#..
###Y...............
####.o####.##...#
#....#...# ..
###..##.o####o
#...o....##.
#.##o.##o##.
......#.##.
###.#....o..


You could see 2 orc wizards, 2 orcs, a friendly ice beast (charmed) and a
friendly orc (charmed).

Vanquished Creatures
  The ghost of Pepete the Skirmisher, an amateur GrMo of Ashenzari (D:4)
  Sigmund (D:2)
  An orc warrior (D:7)
  An ice beast (D:4)
  A black bear (D:5)
  A sky beast (D:6)
  4 ogres
  A centaur (D:6)
  2 big kobolds (Sewer)
  A gnoll sergeant (D:5)
  A scorpion (D:4)
  4 electric eels (D:6)
  A howler monkey (D:5)
  A hound (D:4)
  A quasit (D:7)
  A centaur skeleton (D:4)
  5 orc priests
  A gnoll shaman (D:5)
  6 orc wizards
  A bullfrog skeleton (D:5)
  2 iguanas (D:5)
  A worker ant (D:6)
  2 worker ant zombies
  9 gnolls
  3 river rats
  13 adders
  A shadow imp (D:4)
  2 white imps
  3 oozes (Sewer)
  An adder zombie (D:5)
  An adder skeleton (D:5)
  4 worms
  11 dart slugs
  5 leopard geckos
  16 orcs
  2 giant cockroaches
  6 hobgoblins
  8 jackals
  9 kobolds
  5 quokkas
  7 ball pythons
  2 bats (D:3)
  3 frilled lizards (D:2)
  5 goblins
  A leopard gecko skeleton (D:4)
  8 rats
166 creatures vanquished.

Vanquished Creatures (collateral kills)
  An orc wizard (D:5)
  An orc (D:7)
2 creatures vanquished.

Vanquished Creatures (others)
  2 orcs
2 creatures vanquished.

Grand Total: 170 creatures vanquished

Notes
Turn   | Place    | Note
-------+----------+-------------------------------------------
     0 | D:1      | Zeld the Troll Hunter began the quest for the Orb.
     0 | D:1      | Reached XP level 1. HP: 19/19 MP: 0/0
   507 | D:1      | Reached XP level 2. HP: 28/28 MP: 1/1
   646 | D:2      | Reached skill level 4 in Throwing
   646 | D:2      | Reached XP level 3. HP: 35/35 MP: 2/2
   868 | D:2      | Noticed Sigmund
   891 | D:2      | HP: 1/35 [something/puff of flame (7)]
   924 | D:1      | Reached XP level 4. HP: 16/42 MP: 3/3
  1837 | D:2      | Killed Sigmund
  1838 | D:2      | Reached skill level 5 in Throwing
  1838 | D:2      | Reached XP level 5. HP: 48/52 MP: 4/4
  2174 | D:2      | Found a sparkling altar of Nemelex Xobeh.
  2269 | D:3      | Reached XP level 6. HP: 55/59 MP: 5/5
  3058 | D:4      | Found a transporter.
  3058 | D:4      | Noticed Pepete's ghost (amateur GrMo)
  3059 | D:4      | Found a transporter.
  3175 | D:4      | Reached skill level 6 in Throwing
  3279 | D:4      | Reached XP level 7. HP: 59/67 MP: 6/6
  3336 | D:4      | Found Ussetuf's Gadget Shoppe.
  3541 | D:4      | Found an opulent altar of Gozag.
  4259 | D:4      | HP: 3/68 [Pepete's ghost (2)]
  4261 | D:4      | Killed Pepete's ghost
  4262 | D:4      | Reached skill level 7 in Throwing
  4444 | D:5      | Entered Level 5 of the Dungeon
  4457 | D:5      | Reached XP level 8. HP: 66/78 MP: 7/7
  4519 | D:5      | Found a staircase to the Ecumenical Temple.
  4537 | Temple   | Entered the Ecumenical Temple
  4545 | Temple   | Became a worshipper of Yredelemnul the Dark
  4877 | D:5      | Found a glowing drain.
  4973 | Sewer    | Entered a sewer
  6203 | D:5      | Reached skill level 8 in Throwing
  7438 | D:5      | HP: 3/79 [adder (4)]
  8133 | D:5      | Reached skill level 5 in Fighting
  8133 | D:5      | Reached skill level 5 in Dodging
  8802 | D:5      | Reached * piety under Yredelemnul
  9396 | D:6      | Identified the ring "Buaw" {Ice Str+2}
  9429 | D:5      | Reached XP level 9. HP: 12/88 MP: 8/8
 10805 | D:6      | Found Zotosipt's Antique Armour Shoppe.
 11363 | D:7      | Reached skill level 9 in Throwing
 11368 | D:7      | HP: 3/88 [orc priest/divine providence (12)]
 11392 | D:7      | HP: 2/88 [orc/+3 trident (9)]
 11393 | D:7      | Slain by an orc

Illustrated notes

Levels and vault maps discovered:
D:1:      scummos_arrival_simple_crosswalls, layout_loops_cross
D:2:      layout_rooms, nemelex_altar_shiori, uniq_sigmund
D:3:      layout_loops_ring
D:4:      layout_loops_ring, serial_shops, nicolae_shop_trees,
          gammafunk_ghost_smash, grunt_gozag_statues
D:5:      layout_cave_pods, temple_hall, gup_sewer_entry_bowl
D:6:      kennysheep_slugbush, layout_loops_cross, serial_shops, shop
D:7:      layout_basic, kennysheep_vampire_church, st_stairs_13, minivault_22
Temple:   minmay_crystal_snake_temple

Skill      XL: |  1  2  3  4  5  6  7  8  9 |
---------------+----------------------------+-----
Fighting       | 2 3 4 5 |  5.4
Throwing       | 4 5 6 7 8 9 |  9.1
Dodging        | 2 3 4 5 |  5.4
Stealth        | |  0.3

Action                   |  1- 3 |  4- 6 |  7- 9 || total
-------------------------+-------+-------+-------++-------
Melee: Unarmed           |    87 |   176 |    25 ||   288
       Giant club        |       |       |   448 ||   448
       Dire flail        |       |       |    10 ||    10
Throw: Large rock        |     3 |     8 |    13 ||    24
       Throwing net      |     2 |     1 |     5 ||     8
Invok: Animate Remains   |       |       |     1 ||     1
Evoke: Wand              |       |       |    22 ||    22
 Stab: Sleeping          |     1 |       |     1 ||     2
Armor: Robe              |    24 |    72 |   271 ||   367
Dodge: Dodged            |    49 |    87 |   509 ||   645
